 Dungeon Crawl Stone Soup version 0.29.1-15-g9cfb28693d (webtiles) character file.

Game seed: 5351923370122361931

76 Mysteryquy the Trooper (level 4, -1/29 HPs)
             Began as a Gargoyle Fighter on Apr 25, 2023.
             Slain by Crazy Yiuf
             ... wielding a +4 quarterstaff of chaos
              (8 damage)
             ... on level 3 of the Dungeon.
             The game lasted 00:02:09 (1935 turns).

Mysteryquy the Trooper (Gargoyle Fighter)           Turns: 1935, Time: 00:02:10

Health: -1/29      AC: 11    Str: 21    XL:     4   Next: 32%
Magic:  3/4        EV:  9    Int:  9    God:
Gold:   91         SH:  4    Dex:  9    Spells: 3/3 levels left

rFire   . . .      SeeInvis .   a - +0 flail
rCold   . . .      Faith    .   c - +0 buckler
rNeg    + . .      Spirit   .   b - +0 scale mail
rPois   ∞          Reflect  .   f - +0 helmet
rElec   +          Harm     .   (no cloak)
rCorr   .          Rampage  .   (no gloves)
Will    .....                   (no boots)
Stlth   ..........              (no amulet)
HPRegen 0.09/turn               (no ring)
MPRegen 0.09/turn               (no ring)

@: no status effects
A: sickness immunity, AC +3, negative energy resistance 1, electricity
resistance, torment resistance 1, petrification resistance
a: no special abilities


You were on level 3 of the Dungeon.
You visited 1 branch of the dungeon, and saw 3 of its levels.

You collected 91 gold pieces.

Inventory:

Hand Weapons
 a - a +0 flail (weapon)
Armour
 b - a +0 scale mail (worn)
 c - a +0 buckler (worn)
 f - a +0 helmet (worn)
Jewellery
 k - a ring of positive energy
Scrolls
 e - a scroll of noise
 g - 3 scrolls of butterflies
 h - a scroll of vulnerability
 j - a scroll of immolation
Potions
 d - 2 potions of might
 i - a potion of flight
 l - a potion of lignification {unknown}


   Skills:
 + Level 4.0 Fighting
 + Level 3.1 Maces & Flails
 + Level 3.9 Armour
 + Level 0.1 Dodging
 + Level 0.1 Stealth
 + Level 3.5 Shields


You had 3 spell levels left.
You didn't know any spells.
Your spell library contained the following spells:

 Spells                   Type           Power      Damage    Failure   Level
 Tukima's Dance           Hex            0%         N/A       99%         3
 Passage of Golubria      Tloc           0%         N/A       100%        4
 Yara's Violent Unravell  Hex/Tmut       0%         3d3       100%        5


Dungeon Overview and Level Annotations

Branches:
Dungeon (3/15)

Altars:
Dithmenos

Annotations:
D:3 Crazy Yiuf


Innate Abilities, Weirdness & Mutations

You are immune to sickness and miasma.
Your stone body is resilient. (AC +3)
You are immune to poison.
You resist negative energy. (rN+)
You are resistant to electric shocks. (rElec)
You are resistant to unholy torment.
You are immune to petrification.


Message History

You hit the jelly.
You kill the jelly!
The kobold barely misses you. The kobold hits you but does no damage.
Your Fighting skill increases to level 4!
Your Maces & Flails skill increases to level 3!
You have reached level 4!
You feel clever.
You barely miss the kobold.
The kobold hits you with a +0 short sword.
You hit the kobold.
You kill the kobold!
No target in view!
No target in view!
Unknown command.
You are no longer corroded.
You start resting.
HP restored.
Crazy Yiuf shouts!
You open the door. You barely miss Crazy Yiuf.
Crazy Yiuf says, "Mugger!"
Crazy Yiuf hits you but does no damage.
Crazy Yiuf hits you with a +4 quarterstaff of chaos!
Crazy Yiuf burns you.
You hit Crazy Yiuf.
Crazy Yiuf is moderately wounded.
Crazy Yiuf hits you with a +4 quarterstaff of chaos!
You closely miss Crazy Yiuf.
Crazy Yiuf is moderately wounded.
Crazy Yiuf says, "Powder!
Defame tea sizzlefizz."
Crazy Yiuf hits you with a +4 quarterstaff of chaos.
* * * LOW HITPOINT WARNING * * *
You feel your power leaking away.
You closely miss Crazy Yiuf.
Crazy Yiuf is lightly wounded.
Crazy Yiuf hits you but does no damage.
You hit Crazy Yiuf.
Crazy Yiuf is moderately wounded.
Crazy Yiuf hits you with a +4 quarterstaff of chaos!
You die...

########.#######
#........# #.########
#.# #.# ##.# ...#
####♣♣ ###
##.####..'.♣♣ ♣♣#..)#
##..........♣♣♣♣@g...#
#######......♣..♣#...#
# ##.+..♣.♣♣♣ ### #
###♣♣♣♣♣ # # # #


You could see Crazy Yiuf.

Vanquished Creatures
  A jelly (D:3)
  A worm (D:2)
  A dart slug (D:1)
  5 ball pythons
  5 bats (D:1)
  2 endoplasms (D:1)
  A giant cockroach (D:1)
  A goblin (D:1)
  5 hobgoblins
  7 kobolds
  4 quokkas
  3 frilled lizards
  3 rats (D:1)
39 creatures vanquished.

Notes
Turn   | Place    | Note
-------+----------+-------------------------------------------
     0 | D:1      | Mysteryquy the Gargoyle Fighter began the quest for the
                  | Orb.
     0 | D:1      | Reached XP level 1. HP: 14/14 MP: 1/1
   322 | D:1      | Reached XP level 2. HP: 12/19 MP: 2/2
   814 | D:1      | Reached XP level 3. HP: 24/24 MP: 3/3
  1421 | D:2      | Found a shadowy altar of Dithmenos.
  1761 | D:3      | Found a runed translucent door.
  1762 | D:3      | Noticed Crazy Yiuf
  1805 | D:3      | Reached skill level 4 in Fighting
  1805 | D:3      | Reached XP level 4. HP: 20/29 MP: 4/4
  1935 | D:3      | Slain by Crazy Yiuf

Illustrated notes

Levels and vault maps discovered:
D:1:      elethiomel_arrival_quiet, layout_rooms, minmay_misc_feat_enclosed
D:2:      layout_basic, basic_altar, serial_glass, glass_columns_b,
          glass_columns_a, due_unseen_surprise, item_on_display_a
D:3:      layout_basic, uniq_sigmund, uniq_crazy_yiuf_cottage, uniq_jessica

Skill      XL: |  1  2  3 |
---------------+----------+-----
Fighting       | 4 |  4.0
Maces & Flails | 3 |  3.1
Armour         | |  3.9
Dodging        | |  0.1
Stealth        | |  0.1
Shields        | |  3.5

Action                   |  1- 3 |  4- 6 || total
-------------------------+-------+-------++-------
Melee: Flail             |   120 |     7 ||   127
  Use: Potion            |     6 |       ||     6
       Scroll            |     4 |       ||     4
Armor: Scale mail        |    72 |     2 ||    74
Dodge: Dodged            |    60 |       ||    60
Block: Buckler           |    18 |       ||    18
